 Dungeon Crawl Stone Soup version 0.24.0-124-g2791043dd8 (webtiles) character file.

Game seed: 4875282066645371350, levelgen mode: deterministic

114823 Peloso the Peltast (level 16, 0/145 HPs)
             Began as a Minotaur Fighter on Feb 14, 2020.
             Was the Champion of Okawaru.
             Slain by a naga warrior
             ... wielding a +0 halberd
              (13 damage)
             ... on level 3 of the Snake Pit.
             The game lasted 01:05:34 (27556 turns).

Peloso the Peltast (Minotaur Fighter)              Turns: 27556, Time: 01:05:35

Health: 0/145      AC: 27    Str: 25    XL:     16   Next: 17%
Magic:  24/25      EV:  9    Int:  5    God:    Okawaru [******]
Gold:   1583       SH: 24    Dex: 17    Spells: 15/15 levels left

rFire    . . .     SeeInvis +   a - +5 scimitar (elec)
rCold    + . .     Gourm    .   c - +0 large shield
rNeg     . . .     Faith    .   v - +12 chain mail "Manemoe" {Dex+4}
rPois    +         Spirit   .   (helmet restricted)
rElec    .         Reflect  .   u - scarf {cloud immunity}
rCorr    .         Harm     .   z - +1 pair of gloves {archery}
MR       +....                  (no boots)
Stlth    ..........             (no amulet)
HPRegen  0.34/turn              e - ring of poison resistance
MPRegen  0.19/turn              D - ring of the Immovable Stars {rC+ MP+9 Slay+3 SInv Stlth+}

@: constricted
A: retaliatory headbutt, horns 2
a: Heroism, Finesse, Renounce Religion


You were on level 3 of the Snake Pit.
You worshipped Okawaru.
Okawaru was exalted by your worship.
You were not hungry.

You visited 4 branches of the dungeon, and saw 27 of its levels.
You also visited: Volcano.

You collected 2453 gold pieces.
You spent 870 gold pieces at shops.

Inventory:

Hand Weapons
 a - a +5 scimitar of electrocution (weapon)
 b - a +2 scimitar of flaming
Armour
 c - a +0 large shield (worn)
 u - a scarf of cloud immunity (worn)
 v - the +12 chain mail "Manemoe" (worn) {Dex+4}
   (You found it on level 10 of the Dungeon)

   It affects your dexterity (+4).
 z - a +1 pair of gloves of archery (worn)
 Q - a +1 cloak of poison resistance
Jewellery
 e - a ring of poison resistance (left hand)
 k - an uncursed amulet of the gourmand
 m - an uncursed ring of protection from cold
 D - the ring of the Immovable Stars (right hand) {rC+ MP+9 Slay+3 SInv Stlth+}
   (You bought it in a shop on level 1 of the Orcish Mines)

   [ring of magical power]

   It affects your accuracy and damage with ranged weapons and melee attacks
   (+3).
   It protects you from cold.
   It affects your magic capacity (+9).
   It lets you see invisible.
   It makes you more stealthy.
 K - an uncursed ring of magical power
 M - an uncursed ring of protection from cold
 R - an uncursed ring of resist corrosion
 W - an uncursed ring of fire
Wands
 n - a wand of clouds (8)
 q - a wand of digging (2)
 x - a wand of iceblast (37)
 y - a wand of acid (2)
 C - a wand of paralysis (18)
 F - a wand of polymorph (9)
Scrolls
 d - 8 scrolls of magic mapping
 g - 12 scrolls of remove curse
 h - 11 scrolls of teleportation
 i - 3 scrolls of identify
 l - 2 scrolls of noise
 o - 4 scrolls of fear
 p - 3 scrolls of amnesia
 E - a scroll of summoning
 H - a scroll of acquirement
 I - a scroll of torment {unknown}
 S - 2 scrolls of blinking
Potions
 j - 4 potions of resistance
 r - 5 potions of heal wounds
 s - 4 potions of might
 t - 3 potions of flight
 w - 3 potions of berserk rage
 A - 2 potions of agility
 G - 3 potions of haste
 J - 4 potions of curing
Miscellaneous
 B - a sack of spiders
Comestibles
 f - 44 rations
 L - 3 chunks of flesh


   Skills:
 + Level 13.8 Fighting
 + Level 16.3 Long Blades
 + Level 13.8 Armour
 + Level 6.8 Dodging
 + Level 2.5 Stealth
 + Level 20.9 Shields
 + Level 1.4 Invocations


You had 15 spell levels left.
You didn't know any spells.
Your spell library contained the following spells:

 Spells                   Type           Power        Failure   Level  Hunger
 Apportation              Tloc           #.....       98%         1    ##.....
 Magic Dart               Conj           #...         98%         1    ##.....
 Sandblast                Erth           #.....       98%         1    ##.....
 Shock                    Conj/Air       #...         98%         1    ##.....
 Sting                    Conj/Pois      #...         98%         1    ##.....
 Summon Butterflies       Summ           #.......     98%         1    ##.....
 Summon Small Mammal      Summ           #...         98%         1    ##.....
 Call Imp                 Summ           #.......     99%         2    ###....
 Passwall                 Tmut/Erth      #.......     99%         2    ###....
 Poisonous Vapours        Pois/Air       #.....       99%         2    ###....
 Searing Ray              Conj           #.....       99%         2    ###....
 Swiftness                Chrm/Air       #.......     99%         2    ###....
 Call Canine Familiar     Summ           #.......     100%        3    ####...
 Conjure Flame            Conj/Fire      #.......     100%        3    ####...
 Dazzling Spray           Conj/Hex       #.....       100%        3    ####...
 Lesser Beckoning         Tloc           #.........   100%        3    ####...
 Mephitic Cloud           Conj/Pois/Air  #.......     100%        3    ####...
 Static Discharge         Conj/Air       #.......     100%        3    ####...
 Stone Arrow              Conj/Erth      #.....       100%        3    ####...
 Summon Guardian Golem    Hex/Summ       #.......     100%        3    ####...
 Tukima's Dance           Hex            #.......     100%        3    ####...
 Airstrike                Air            #.........   100%        4    #####..
 Force Lance              Conj/Tloc      #.......     100%        4    #####..
 Fulminant Prism          Conj/Hex       #.........   100%        4    #####..
 Iskenderun's Mystic Bla  Conj           #.......     100%        4    #####..
 Olgreb's Toxic Radiance  Pois           #.......     100%        4    #####..
 Petrify                  Tmut/Erth      #.......     100%        4    #####..
 Summon Ice Beast         Ice/Summ       #.......     100%        4    #####..
 Summon Lightning Spire   Summ/Air       #.......     100%        4    #####..
 Alistair's Intoxication  Tmut/Pois      #.......     100%        5    ######.
 Lee's Rapid Deconstruct  Erth           #.........   100%        5    ######.
 Lightning Bolt           Conj/Air       #.........   100%        5    ######.
 Silence                  Hex/Air        #.........   100%        5    ######.
 Venom Bolt               Conj/Pois      #.........   100%        5    ######.
 Conjure Ball Lightning   Conj/Air       #.........   100%        6    #######
 Deflect Missiles         Chrm/Air       #.........   100%        6    #######
 Freezing Cloud           Conj/Ice/Air   #.........   100%        6    #######
 Invisibility             Hex            #.......     100%        6    #######
 Ring of Flames           Chrm/Fire      #.........   100%        7    #######
 Tornado                  Air            #.........   100%        9    #######


Dungeon Overview and Level Annotations

Branches:
Dungeon (15/15)            Temple (0/1) D:5            Lair (6/6) D:11
 Shoals (0/4) Lair:3        Snake (4/4) Lair:2        Slime (0/5) Lair:5
    Orc (2/2) D:12            Elf (0/3) Orc:2        Vaults (0/5) D:14
 Depths (0/5) D:15        Volcano (visited)

Altars:
Ashenzari
Elyvilon
Fedhas
Hepliaklqana
Kikubaaqudgha
Makhleb
Okawaru
Ru
Uskayaw
Vehumet
Wu Jian
Xom
Yredelemnul
Zin
The Shining One
Beogh

Shops:
D:9 ?   D:13 *   D:15 !   Orc:1 =   Orc:2 *(%[%

Annotations:
D:10 2 transporters, Amplified's ghost, novice MfSu
Lair:5 exclusion: 4 oklob plants


Innate Abilities, Weirdness & Mutations

You reflexively headbutt those who attack you in melee.
You have a pair of horns on your head.


Message History

You see here a +0 hand axe.
The naga warrior hits you with a +0 halberd!
* * * LOW HITPOINT WARNING * * *
The naga warrior grabs you.
* * * LOW HITPOINT WARNING * * *
The naga warrior constricts you.
Unknown command.
You hit the naga warrior. You headbutt the naga warrior!
The naga warrior is lightly wounded.
You hit the naga warrior.
You headbutt the naga warrior, but do no damage.
The naga warrior is moderately wounded.
The naga warrior barely misses you.
* * * LOW HITPOINT WARNING * * *
The naga warrior constricts you.
Unknown command.
You slice the naga warrior!!
The naga warrior is moderately wounded.
The naga warrior hits you with a +0 halberd!
You die...

# #...#...#
##.#..##%...N.
#####.##.##.......
####.##..#..##........
#.#.##.##..##S........
##..#..............#.#
#...)(.......##....#
##..(##N.S....#..÷.##
##..(.##@.##..##.#...#
#....####)#..†.#.#.......
#.....# #.>...#.#..#...##
#.#..##
#..#..##...#...#.# #...##
####...########.## #.##
##### ## ##


You could see a naga warrior and a guardian serpent.

Vanquished Creatures
  Kirke (Lair:5)
  A stone giant (Orc:2)
  Azrael (D:13)
  Snorg (D:13)
  A yaktaur captain (D:15)
  Josephine (Orc:1)
  Harold (Orc:2)
  Erolcha (D:13)
  5 naga warriors
  3 hydras
  3 anacondas
  2 catoblepae
  3 centaur warriors (D:15)
  3 ogre magi
  2 dancing weapons (D:14)
  A deep troll shaman (Lair:6)
  A tengu warrior (D:15)
  11 two-headed ogres
  5 death yaks
  A shock serpent (Snake:3)
  An orc high priest (Orc:1)
  Urug (Lair:4)
  4 naga sharpshooters
  A sun demon (Volcano)
  Sonja (D:11)
  3 skeletal warriors (D:15)
  2 deep trolls (Orc:2)
  An unseen horror (shapeshifter) (D:15)
  4 unseen horrors
  3 orc knights
  2 oklob plants (Lair:2)
  2 deep elf magi
  6 mana vipers
  8 ugly things
  A salamander (Snake:2)
  6 orc sorcerers
  8 cyclopes
  4 manticores
  20 elephants
  2 centaur zombies
  2 merfolk sirens (Lair:3)
  A guardian serpent (Snake:2)
  8 naga magi
  11 black mambas
  Psyche (D:11)
  8 spiny frogs
  A rime drake (Lair:4)
  2 yaktaurs
  An efreet (D:12)
  4 komodo dragons
  2 freezing wraiths
  2 merfolk (Lair:3)
  A tengu conjurer (D:15)
  2 red devils (Volcano)
  A queen bee (shapeshifter) (D:15)
  A wind drake (shapeshifter) (D:12)
  13 trolls
  21 blink frogs
  3 slime creatures (D:15)
  12 hippogriffs
  A spriggan (D:7)
  4 wraiths
  A vampire (D:15)
  7 wyverns
  17 yaks
  9 fire bats (Volcano)
  3 basilisks
  6 vampire mosquitoes
  2 hungry ghosts
  3 fire elementals
  2 wargs
  A steam dragon (D:11)
  17 nagas
  11 porcupines
  14 water moccasins
  3 black bears
  5 hell hounds
  22 orc warriors
  A phantom (D:9)
  3 hornet zombies
  2 ice beasts (D:7)
  3 necrophages
  An eye of draining (D:11)
  29 ogres
  4 sky beasts
  6 centaurs
  16 wolves
  10 crocodiles
  A big kobold (D:11)
  12 bullfrogs
  6 scorpions
  A water moccasin zombie (D:8)
  17 killer bees
  7 wights
  5 howler monkeys
  7 lava snakes
  10 crimson imps
  A quasit (D:8)
  A bullfrog zombie (D:12)
  16 orc priests
  A bullfrog skeleton (D:5)
  10 hounds
  3 centaur skeletons
  4 jellies
  23 orc wizards
  Terence (D:2)
  3 iguanas
  9 worker ants
  A hound zombie (D:9)
  A hound skeleton (D:9)
  3 worker ant zombies
  13 adders
  10 gnolls
  A shadow imp (D:13)
  An ooze (D:1)
  3 adder zombies
  An adder skeleton (D:5)
  4 worms
  2 dart slugs
  4 leopard geckos
  109 orcs
  6 bats
  2 giant cockroaches
  4 goblins
  3 hobgoblins
  15 jackals
  3 kobolds
  11 quokkas
  A ball python (D:3)
  3 frilled lizards
  8 rats
  A fungus (Lair:6)
  A plant (Lair:2)
777 creatures vanquished.

Vanquished Creatures (others)
  2 humans (Lair:5)
  A bullfrog (Lair:5)
  An orc wizard (Orc:1)
  An orc (Orc:2)
  3 fungi
  A plant (D:11)
  4 toadstools (D:1)
13 creatures vanquished.

Grand Total: 790 creatures vanquished

Notes
Turn   | Place    | Note
-------+----------+-------------------------------------------
     0 | D:1      | Peloso the Minotaur Fighter began the quest for the Orb.
     0 | D:1      | Reached XP level 1. HP: 19/19 MP: 0/0
   203 | D:1      | Reached XP level 2. HP: 27/27 MP: 1/1
  1267 | D:2      | Reached skill level 4 in Shields
  1284 | D:2      | Noticed Terence
  1298 | D:2      | Killed Terence
  1298 | D:2      | Reached XP level 3. HP: 22/33 MP: 2/2
  1554 | D:2      | Reached XP level 4. HP: 37/40 MP: 3/3
  1585 | D:2      | Noticed an ogre
  1589 | D:2      | Killed an ogre
  1589 | D:2      | Reached XP level 5. HP: 47/47 MP: 4/4
  2595 | D:3      | Reached skill level 5 in Shields
  2749 | D:3      | Reached skill level 1 in Dodging
  3205 | D:4      | Reached XP level 6. HP: 48/53 MP: 5/5
  3276 | D:4      | Reached skill level 5 in Armour
  3356 | D:4      | Reached skill level 5 in Long Blades
  3444 | D:4      | Reached skill level 6 in Shields
  3609 | D:4      | Found a sacrificial altar of Ru.
  3685 | D:4      | Reached XP level 7. HP: 35/60 MP: 6/6
  3720 | D:4      | Reached skill level 5 in Fighting
  4002 | D:4      | Found an iron altar of Okawaru.
  4003 | D:4      | Found a shimmering altar of Xom.
  4003 | D:4      | Found a blossoming altar of Fedhas.
  4006 | D:4      | Became a worshipper of Warmaster Okawaru
  4386 | D:5      | Entered Level 5 of the Dungeon
  4466 | D:5      | Found a staircase to the Ecumenical Temple.
  4586 | D:5      | Reached * piety under Okawaru
  4921 | D:5      | Found a basalt altar of Yredelemnul.
  4962 | D:5      | Reached XP level 8. HP: 61/69 MP: 7/7
  5093 | D:5      | Reached skill level 7 in Shields
  5474 | D:6      | Found a white marble altar of Elyvilon.
  5474 | D:6      | Found a glowing silver altar of Zin.
  5474 | D:6      | Found a glowing golden altar of the Shining One.
  5496 | D:6      | Reached skill level 1 in Stealth
  5572 | D:6      | Noticed a troll
  5586 | D:6      | Killed a troll
  5634 | D:6      | Reached skill level 8 in Shields
  5898 | D:6      | Reached ** piety under Okawaru
  5929 | D:6      | Found a hide-covered altar of Uskayaw.
  6258 | D:6      | Reached XP level 9. HP: 75/75 MP: 8/8
  6504 | D:7      | Reached skill level 9 in Shields
  6968 | D:7      | Reached *** piety under Okawaru
  7181 | D:8      | Found an ancient bone altar of Kikubaaqudgha.
  7226 | D:8      | Reached skill level 10 in Shields
  7432 | D:8      | Found a hazy altar of Hepliaklqana.
  7436 | D:8      | Reached XP level 10. HP: 70/86 MP: 9/9
  7610 | D:8      | Found a radiant altar of Vehumet.
  7635 | D:8      | Reached **** piety under Okawaru
  7689 | D:9      | Noticed a two-headed ogre
  7989 | D:8      | Killed a two-headed ogre
  7989 | D:8      | Reached skill level 10 in Long Blades
  8226 | D:9      | Found a shattered altar of Ashenzari.
  8259 | D:9      | Reached skill level 11 in Shields
  8462 | D:9      | Found Kyakixto's Magic Scroll Shop.
  8582 | D:9      | Found a burning altar of Makhleb.
  9023 | D:10     | Entered Level 10 of the Dungeon
  9028 | D:10     | Found a transporter.
  9048 | D:10     | Noticed Amplified's ghost (novice MfSu)
  9148 | D:10     | Found a transporter.
  9392 | D:10     | Reached ***** piety under Okawaru
  9403 | D:10     | Got a smoking chain mail
  9414 | D:10     | Identified the +12 chain mail "Manemoe" {Dex+4} (You found
                  | it on level 10 of the Dungeon)
  9620 | D:11     | Noticed a cyclops
  9641 | D:11     | Noticed a two-headed ogre
  9655 | D:11     | Reached skill level 12 in Shields
  9667 | D:11     | Killed a two-headed ogre
  9667 | D:11     | Reached XP level 11. HP: 66/95 MP: 8/10
  9872 | D:11     | Found a staircase to the Lair.
  9907 | D:11     | Killed an unseen horror
  9907 | D:11     | Reached skill level 13 in Shields
  9907 | D:11     | Reached skill level 1 in Invocations
  9920 | D:11     | Reached ****** piety under Okawaru
 10152 | D:11     | Noticed Psyche
 10164 | D:11     | Killed Psyche
 10671 | D:11     | Noticed an ogre mage
 10680 | D:11     | Killed an ogre mage
 10691 | D:11     | Received a gift from Okawaru
 10785 | D:11     | Killed an unseen horror
 10785 | D:11     | Reached skill level 10 in Armour
 11009 | D:12     | Noticed Sonja
 11010 | D:12     | Noticed a two-headed ogre
 11020 | D:12     | Noticed a deep elf mage
 11035 | D:11     | Killed Sonja
 11250 | D:12     | Killed a two-headed ogre
 11250 | D:12     | Reached skill level 14 in Shields
 11270 | D:12     | Killed a deep elf mage
 11300 | D:12     | Reached XP level 12. HP: 85/105 MP: 11/11
 11312 | D:12     | Received a gift from Okawaru
 11887 | D:12     | Found a blossoming altar of Fedhas.
 11992 | D:12     | Found a staircase to the Orcish Mines.
 12445 | Lair:1   | Entered Level 1 of the Lair of Beasts
 12579 | Lair:1   | Found a dark tunnel.
 12595 | Volcano  | Entered a volcano
 12644 | Volcano  | Reached skill level 10 in Fighting
 12808 | Volcano  | Reached skill level 15 in Shields
 12852 | Volcano  | Found a radiant altar of Vehumet.
 13342 | Lair:1   | Received a gift from Okawaru
 13935 | Lair:2   | Found a staircase to the Snake Pit.
 13983 | Lair:2   | Reached XP level 13. HP: 92/114 MP: 12/12
 14523 | Lair:3   | Reached skill level 16 in Shields
 14708 | Lair:3   | Found a staircase to the Shoals.
 15576 | Lair:4   | Noticed Urug
 15587 | Lair:4   | Killed Urug
 16249 | Lair:2   | Received a gift from Okawaru
 16361 | D:13     | Noticed Snorg
 16380 | D:13     | Killed Snorg
 16392 | D:13     | Found Qyseav's Demolitions Depot.
 16442 | D:13     | Noticed Azrael
 16768 | D:13     | Killed Azrael
 16773 | D:13     | Noticed Erolcha
 17214 | D:13     | Killed Erolcha
 17301 | D:13     | Found an ornate altar of the Wu Jian Council.
 17938 | D:13     | Received a gift from Okawaru
 18308 | Orc:1    | Entered Level 1 of the Orcish Mines
 18312 | Orc:1    | Found Katwis's Jewellery Emporium.
 18335 | Orc:1    | Bought the ring of the Immovable Stars {rC+ MP+9 Slay+3
                  | SInv Stlth+} for 750 gold pieces
 18426 | Orc:2    | Entered Level 2 of the Orcish Mines
 18590 | Orc:2    | Reached skill level 17 in Shields
 18596 | Orc:2    | Found Noni's Food Shop.
 18765 | Orc:2    | Reached skill level 15 in Long Blades
 18806 | Orc:2    | Found Hereg's Antique Weapon Shop.
 18838 | Orc:2    | Reached XP level 14. HP: 117/124 MP: 14/14
 18937 | Orc:2    | Reached skill level 5 in Dodging
 19574 | Orc:2    | Noticed a stone giant
 19580 | Orc:2    | Found Kumi's Armour Shoppe.
 19586 | Orc:2    | Killed a stone giant
 19586 | Orc:2    | Received a gift from Okawaru
 19586 | Orc:2    | Reached skill level 18 in Shields
 19599 | Orc:2    | Found Woevemope's General Store.
 19600 | Orc:2    | Found Puec's Food Boutique.
 19613 | Orc:2    | Found a staircase to the Elven Halls.
 20015 | Orc:1    | Noticed Harold
 20016 | Orc:1    | Paralysed by an orc sorcerer for 5 turns
 20158 | Orc:2    | Killed Harold
 20332 | Orc:1    | Noticed Josephine
 20338 | Orc:1    | Killed Josephine
 20371 | Orc:1    | Found a roughly hewn altar of Beogh.
 20776 | Lair:5   | Received a gift from Okawaru
 20879 | Lair:5   | Noticed Kirke
 20892 | Lair:5   | Killed Kirke
 21233 | Lair:5   | Found a staircase to the Slime Pits.
 21791 | Lair:6   | Entered Level 6 of the Lair of Beasts
 21865 | Lair:6   | Reached skill level 19 in Shields
 21948 | Lair:6   | Reached XP level 15. HP: 37/134 MP: 15/15
 22574 | Lair:5   | Received a gift from Okawaru
 22578 | Lair:5   | Identified a scroll of acquirement
 23569 | D:14     | Found the +9 staff of Wucad Mu {channel}
 23662 | D:14     | Found a gate to the Vaults.
 24255 | D:15     | Entered Level 15 of the Dungeon
 24507 | D:15     | Found Jomef's Distillery.
 24524 | D:15     | Reached skill level 20 in Shields
 24538 | D:15     | Bought a potion of brilliance for 60 gold pieces
 24538 | D:15     | Bought a potion of might for 60 gold pieces
 24904 | D:15     | Found a staircase to the Depths.
 25704 | Snake:1  | Entered Level 1 of the Snake Pit
 26060 | Snake:1  | Received a gift from Okawaru
 26426 | Snake:2  | Received a gift from Okawaru
 26995 | Snake:2  | Reached XP level 16. HP: 130/144 MP: 16/16
 27543 | Snake:4  | Entered Level 4 of the Snake Pit
 27556 | Snake:3  | Slain by a naga warrior

Levels and vault maps discovered:
D:1:      dpeg_arrival_round_b, layout_basic, hex_medium,
          minmay_gold_behind_fungi
D:2:      layout_basic, uniq_terence
D:3:      layout_loops_ring
D:4:      layout_loops_ring, nicolae_ru_sacrificial_ziggurat,
          grunt_temple_overflow_open, serial_rivers,
          chequers_serial_rivers_room_b, chequers_serial_rivers_marsh,
          chequers_serial_rivers_micro_d, chequers_serial_rivers_marsh,
          chequers_serial_rivers_micro_b
D:5:      layout_loops_cross, yredelemnul_altar_generic,
          minmay_temple_entry_antechambers, first_ration
D:6:      layout_loops_ring, good_gods_mini_temple, basic_altar
D:7:      layout_basic, minivault_1, the_bakery
D:8:      layout_basic, lemuel_crystal_altar, vehumet_crystals,
          kennysheep_mini_moat
D:9:      layout_long_grid, ashenzari_altar_1, makhleb_blood_cavern_becter,
          serial_shops, nicolae_shop_crystal
D:10:     layout_cave_pools, gammafunk_ghost_hive, hangedman_decor_growths
D:11:     kennysheep_windowed_halls, layout_loops_ring, david_lair_shrubbed,
          due_unseen_surprise, uniq_psyche
D:12:     layout_loops_ring, hiddenorc2_lemuel, minivault_20, fedhas_altar_1,
          uniq_sonja
D:13:     lemuel_flame_loot_2, layout_layer_cave, basic_altar,
          nicolae_blasting_shop, uniq_snorg, uniq_azrael, uniq_erolcha
D:14:     layout_roguey, erik_vaults_1, hangedman_decor_riveting
D:15:     grunt_enter_depths_snipers, layout_cave_pods, serial_shops, shop
Lair:1:   layout_long_grid, enter_volcano_4
Lair:2:   layout_regular_city, guppyfry_snake_entry_island,
          minmay_lair_oklob_chamber
Lair:3:   layout_cave_pods, elwin_shoals_entry_stream, minivault_11,
          lemuel_fruit_tree
Lair:4:   layout_cave_pods, chequers_serial_rivers_small_3, serial_bayou_pond_a,
          uniq_urug
Lair:5:   layout_cave_pods, minmay_slime_entry_oklob_enclosed,
          infiniplex_staircase_pool_2, uniq_kirke
Lair:6:   grunt_lair_end_beastmaster, layout_gridlike, minivault_24,
          chequers_serial_rivers_room_a, serial_bayou_pond_e
Snake:1:  layout_misc_corridors, special_room
Snake:2:  layout_cave_shapes
Snake:3:  layout_onion_interference
Snake:4:  grunt_snake_rune_pools, layout_cave_town, grunt_ministairs_8,
          serial_bayou_crossing, minmay_shop_star
Orc:1:    layout_caves, serial_shops, shop_statue, statue_in_the_mist_lemuel,
          kennysheep_orc_chapel, uniq_josephine, uniq_harold
Orc:2:    st_orc_open, layout_caves, serial_shops, shop, mines4_lemuel

Skill      XL: |  1  2  3  4  5  6  7  8  9 10 11 12 13 14 15 |
---------------+----------------------------------------------+-----
Fighting       | 4 5 6 7 8 9 10 11 12 13 | 13.8
Armour         | 4 5 6 7 8 9 10 12 13 | 13.8
Shields        | 4 5 6 8 10 12 14 15 17 19 20 | 20.9
Long Blades    | 3 4 5 6 7 9 11 12 14 15 16 | 16.3
Dodging        | 1 2 3 4 6 |  6.8
Stealth        | 1 2 |  2.5
Invocations    | 1 |  1.4

Action                   |  1- 3 |  4- 6 |  7- 9 | 10-12 | 13-15 | 16-18 || total
-------------------------+-------+-------+-------+-------+-------+-------++-------
Melee: Long sword        |    77 |   205 |   370 |       |       |       ||   652
       Headbutt          |    12 |    30 |   111 |   242 |   365 |    25 ||   785
       Falchion          |       |       |    49 |   427 |       |       ||   476
       Scimitar          |       |       |       |   397 |  1196 |    90 ||  1683
Invok: Heroism           |       |       |       |     7 |     4 |       ||    11
  Use: Potion            |     1 |     3 |       |     3 |     1 |       ||     8
       Scroll            |     4 |     4 |     4 |     9 |     9 |     1 ||    31
  Eat: Chunk             |     2 |     7 |    13 |    18 |    32 |     4 ||    76
       Ration            |       |       |       |     1 |     3 |       ||     4
Armor: Scale mail        |    39 |       |       |       |       |       ||    39
       Chain mail        |     8 |    80 |   127 |   272 |   465 |    15 ||   967
Dodge: Dodged            |    30 |    22 |    40 |   172 |   308 |    20 ||   592
Block: Shield            |    58 |    12 |       |       |       |       ||    70
       Large shield      |       |   141 |   288 |   816 |  1548 |   106 ||  2899
       Rpst.: Long sword |     6 |     4 |    11 |       |       |       ||    21
       Falchion          |       |       |       |    17 |       |       ||    17
       Scimitar          |       |       |       |    27 |    56 |     3 ||    86
